 Dungeon Sprint DCSS version 0.22.1-1-ga44c0e56f4 (webtiles) character file.

43921 MuseOD the Imperceptible (level 13, -3/78 HPs)
             Began as a Spriggan Enchanter on Oct 2, 2018.
             Was the Champion of Dithmenos.
             Slain by a nagaraja (7 damage)
             ... in the Dungeon (Sprint III: "The Ten Rune Challenge").
             The game lasted 00:10:54 (3495 turns).

MuseOD the Imperceptible (Spriggan Enchanter)       Turns: 3495, Time: 00:10:55

Health: -3/78      AC:  5    Str:  4    XL:     13   Next: 23%
Magic:  9/30       EV: 20    Int: 23    God:    Dithmenos [******]
Gold:   31         SH:  0    Dex: 19    Spells: 34/43 levels left

rFire    + . .     SeeInvis +   d - +1 dagger (elec)
rCold    . . .     Gourm    .   (shield restricted)
rNeg     . . .     Faith    .   u - +2 robe {rF+}
rPois    .         Spirit   .   (helmet restricted)
rElec    .         Reflect  .   (no cloak)
rCorr    .         Harm     .   (gloves unavailable)
MR       ++...     NoTele   +   (boots unavailable)
Stlth    ++++++++++             (no amulet)
HPRegen  0.23/turn              (no ring)
MPRegen  0.22/turn              (no ring)

@: wreathed by umbra, constricted, very quick
A: very small, unfitting armour, hooves 1, rugged brown scales 1, see invisible,
agile 1, clever 1, herbivore, speed 3, low mp 1, slow metabolism 2
}: 1/10 runes: barnacled
a: Shadow Step, Shadow Form, Renounce Religion


You were in the Dungeon.
You worshipped Dithmenos.
Dithmenos was exalted by your worship.
You were not hungry.

You visited 1 branch You collected 31 gold pieces.

Inventory:

Hand Weapons
 a - a +1 dagger
 d - a +1 dagger of electrocution (weapon)
Armour
 b - a +0 robe
 u - a +2 robe of fire resistance (worn)
Wands
 q - a wand of random effects (30)
Scrolls
 j - a scroll of blinking
 k - a scroll of immolation {unknown}
 l - 2 scrolls of identify {unknown}
 m - 2 scrolls of remove curse {unknown}
 o - a scroll of torment {unknown}
Potions
 c - a potion of resistance {unknown}
 e - a potion of curing
 g - 2 potions of haste
 h - 2 potions of magic
 i - a potion of berserk rage
 n - a potion of degeneration {unknown}
 p - 2 potions of flight
 s - a potion of agility {unknown}
Comestibles
 r - a ration


   Skills:
 - Level 12.3 Fighting
 - Level 20.8 Short Blades
 + Level 7.1 Dodging
 + Level 21.7 Stealth
 + Level 15.5 Spellcasting
 + Level 5.6 Conjurations
 + Level 15.7 Hexes


You had 34 spell levels left.
You knew the following spells:

 Your Spells              Type           Power        Failure   Level  Hunger
a - Corona                Hex            ######.      0%          1    None
b - Ensorcelled Hibernat  Hex/Ice        ######       1%          2    None
c - Confuse               Hex            ######..     0%          3    None
d - Dazzling Spray        Conj/Hex       ######       1%          3    None

Your spell library contained the following spells:

 Spells                   Type           Power        Failure   Level  Hunger
 Confusing Touch          Hex            ######       0%          1    None
 Tukima's Dance           Hex            ######..     0%          3    None
 Animate Skeleton         Necr           N/A          3%          1    None
 Apportation              Tloc           ###...       3%          1    None
 Summon Small Mammal      Summ           ###.         3%          1    None


Dungeon Overview and Level Annotations

Branches:
Dungeon (1/1)

Altars:
Dithmenos
Elyvilon
Fedhas
Kikubaaqudgha
Okawaru
Ru
Sif Muna
Trog
Uskayaw
Vehumet
Wu Jian
Yredelemnul
Zin
The Shining One
Beogh

Shops:
D ?[=(!=


Innate Abilities, Weirdness & Mutations

You are very small and have problems with some larger weapons.
You are too small for most types of armour.
You have supernaturally acute eyesight. (SInv)
You are a herbivore.
You cover ground extremely quickly.
You need to consume almost no food.
You have large cloven feet.
You are partially covered in rugged brown scales. (AC +1, +3% HP)
You are agile. (Dex +2)
Your mind is acute. (Int +2)
Your magical capacity is low. (-10% MP)


Message History

Press: ? - help, Shift-Dir - straight line, f/p - nagaraja
Aim: a nagaraja, wearing a naga barding (black smoke, severely wounded, The bolt of negative energy misses the nagaraja.
* * * LOW HITPOINT WARNING * * *
You feel sick.
You feel better.
The nagaraja gestures at you while chanting.
You feel a strange sense of stasis.
Casting: Dazzling Spray (safe; 1% risk of failure)
Confirm with . or Enter, or press ? or * to list all spells.
Aiming: Dazzling Spray (safe; 1% risk of failure)
Press: ? - help, Shift-Dir - straight line, f/p - nagaraja
Aim: a nagaraja, wearing a naga barding (black smoke, severely wounded, The spray of energy hits the nagaraja.
The nagaraja is severely wounded.
Your shadow mimicks your spell!
The shadow shard hits the nagaraja.
The nagaraja hits you!
* * * LOW HITPOINT WARNING * * *
The nagaraja grabs you.
You die...

###########..#▓≈≈≈..≈≈≈≈
##...†..††...#▓≈≈....≈≈≈
#....†......##▓≈≈≈†.≈≈≈≈
#..########## ▓≈≈≈≈≈≈≈≈≈
#.÷.÷.......##▓≈≈≈≈≈≈≈≈≈
##..÷........#▓..≈≈≈≈≈≈≈
##########..#▓..†≈≈≈≈≈≈
##.§§§§§§§...#▓.[..≈≈≈≈≈
#∩.§§§N@§§..##▓...≈≈≈≈≈≈
#∩.########## ▓.≈≈≈≈≈≈≈≈
#∩ ▓≈≈≈≈≈≈≈≈≈ #
▓.≈≈≈≈≈≈≈≈ ▓▓▓▓▓▓▓▓▓▓


You could see a nagaraja.

Vanquished Creatures
  Rupert (D)
  Polyphemus (D)
  Ilsuiw (D)
  Dowan (D)
  2 yaktaur captains (D)
  A merfolk javelineer (D)
  2 hydras (D)
  A naga warrior (D)
  Erolcha (D)
  5 anacondas (D)
  4 death yaks (D)
  Urug (D)
  A death drake (D)
  A spriggan druid (D)
  A sea snake (D)
  A lindwurm (D)
  A deep elf mage (D)
  8 black mambas (D)
  Duvessa (D)
  2 spiny frogs (D)
  A yaktaur (D)
  A rime drake (D)
  A komodo dragon (D)
  3 wandering mushrooms (D)
  2 tyrant leeches (D)
  3 orc high priests (D)
  8 blink frogs (D)
  3 dream sheep (D)
  2 spriggans (D)
  5 redbacks (D)
  A shadow (D)
  5 water moccasins (D)
  2 nagas (D)
  A swamp drake (D)
  A necrophage (D)
  5 two-headed ogres (D)
  A scorpion (D)
  A jelly (D)
  An orc priest (D)
  A wizard (D)
  Jessica (D)
  A necromancer (D)
  3 humans (D)
  A kobold demonologist (D)
  6 adders (D)
  2 oozes (D)
  A rat (D)
  A plant (D)
101 creatures vanquished.

Vanquished Creatures (others)
  2 draconian scorchers (D)
  6 hellions (D)
  2 yaktaurs (D)
  An electric eel (D)
11 creatures vanquished.

Grand Total: 112 creatures vanquished

Notes
Turn   | Place    | Note
-------+----------+-------------------------------------------
     0 | D        | MuseOD the Spriggan Enchanter began the quest for the Orb.
     0 | D        | Reached XP level 1. HP: 9/9 MP: 5/5
    18 | D        | Reached skill level 1 in Fighting
    18 | D        | Reached skill level 5 in Stealth
    22 | D        | Reached XP level 2. HP: 10/14 MP: 6/6
    26 | D        | Learned a level 2 spell: Ensorcelled Hibernation
    95 | D        | Killed a hellion
    95 | D        | Killed a hellion
    95 | D        | Killed a hellion
   128 | D        | Killed a yaktaur
   135 | D        | Noticed Jessica
   140 | D        | Killed Jessica
   140 | D        | Reached skill level 5 in Short Blades
   140 | D        | Reached skill level 6 in Stealth
   140 | D        | Reached XP level 3. HP: 19/19 MP: 8/8
   145 | D        | Learned a level 3 spell: Confuse
   152 | D        | Noticed a scorpion
   160 | D        | Reached skill level 7 in Stealth
   165 | D        | Killed a scorpion
   165 | D        | Reached skill level 8 in Stealth
   165 | D        | Reached XP level 4. HP: 20/24 MP: 0/9
   171 | D        | Killed a white draconian scorcher
   173 | D        | Killed a hellion
   226 | D        | Killed a hellion
   227 | D        | Killed a hellion
   294 | D        | Gained mutation: Your spells are a little easier to cast,
                  | but a little less powerful. [potion of mutation]
   294 | D        | Gained mutation: You have a pair of small horns on your
                  | head. [potion of mutation]
   294 | D        | Gained mutation: You have a pair of horns on your head.
                  | [potion of mutation]
   295 | D        | Lost mutation: You have a pair of horns on your head.
                  | [potion of mutation]
   295 | D        | Lost mutation: You have a pair of small horns on your head.
                  | [potion of mutation]
   295 | D        | Lost mutation: Your spells are a little easier to cast, but
                  | a little less powerful. [potion of mutation]
   295 | D        | Gained mutation: You are resistant to hostile enchantments.
                  | (MR+) [potion of mutation]
   296 | D        | Lost mutation: You are resistant to hostile enchantments.
                  | (MR+) [potion of mutation]
   296 | D        | Gained mutation: You are agile. (Dex +2) [potion of
                  | mutation]
   296 | D        | Gained mutation: You are very agile. (Dex +4) [potion of
                  | mutation]
   297 | D        | Lost mutation: You are very agile. (Dex +4) [potion of
                  | mutation]
   297 | D        | Gained mutation: Your body sometimes deteriorates upon
                  | taking damage. [potion of mutation]
   297 | D        | Gained mutation: Your magical capacity is low. (-10% MP)
                  | [potion of mutation]
   297 | D        | Gained mutation: You are partially covered in rugged brown
                  | scales. (AC +1, +3% HP) [potion of mutation]
   297 | D        | Gained mutation: Your flesh is heat resistant. (rF+)
                  | [potion of mutation]
   298 | D        | Lost mutation: Your flesh is heat resistant. (rF+) [potion
                  | of mutation]
   298 | D        | Lost mutation: Your body sometimes deteriorates upon taking
                  | damage. [potion of mutation]
   298 | D        | Gained mutation: You have large cloven feet. [potion of
                  | mutation]
   298 | D        | Gained mutation: Your mind is acute. (Int +2) [potion of
                  | mutation]
   303 | D        | Noticed a water elemental
   327 | D        | Found a basalt altar of Yredelemnul.
   327 | D        | Found a shadowy altar of Dithmenos.
   327 | D        | Found a sacrificial altar of Ru.
   327 | D        | Noticed a necrophage
   353 | D        | Killed a necrophage
   353 | D        | Reached skill level 9 in Stealth
   353 | D        | Reached XP level 5. HP: 10/27 MP: 0/9
   372 | D        | Reached skill level 10 in Stealth
   377 | D        | Became a worshipper of Dithmenos the Shadowed
   387 | D        | Killed a yaktaur
   389 | D        | Killed a white draconian scorcher
   663 | D        | Found a glowing silver altar of Zin.
   663 | D        | Found a glowing golden altar of the Shining One.
   663 | D        | Found a white marble altar of Elyvilon.
   663 | D        | Noticed a deep elf mage
   670 | D        | Killed a deep elf mage
   670 | D        | Reached skill level 12 in Stealth
   670 | D        | Reached XP level 6. HP: 35/35 MP: 6/10
   670 | D        | Reached XP level 7. HP: 39/39 MP: 6/10
   805 | D        | Learned a level 3 spell: Dazzling Spray
   808 | D        | Found a hide-covered altar of Uskayaw.
   808 | D        | Found a roughly hewn altar of Beogh.
   808 | D        | Found an iron altar of Okawaru.
   808 | D        | Found a bloodstained altar of Trog.
   808 | D        | Found an ornate altar of the Wu Jian Council.
   808 | D        | Noticed a human
   808 | D        | Noticed a human
   820 | D        | Killed a human
   835 | D        | Killed a human
   835 | D        | Reached * piety under Dithmenos
   835 | D        | Reached skill level 13 in Stealth
   835 | D        | Reached skill level 5 in Hexes
  1102 | D        | Found a radiant altar of Vehumet.
  1103 | D        | Found a deep blue altar of Sif Muna.
  1103 | D        | Found an ancient bone altar of Kikubaaqudgha.
  1223 | D        | Noticed a shadow
  1225 | D        | Killed a shadow
  1225 | D        | Reached ** piety under Dithmenos
  1225 | D        | Reached XP level 8. HP: 44/44 MP: 14/14
  1279 | D        | Reached skill level 5 in Spellcasting
  1343 | D        | Reached *** piety under Dithmenos
  1444 | D        | Noticed a two-headed ogre
  1447 | D        | Killed a two-headed ogre
  1447 | D        | Reached skill level 14 in Stealth
  1451 | D        | Noticed a two-headed ogre
  1451 | D        | Noticed Erolcha
  1453 | D        | Killed Erolcha
  1453 | D        | Reached XP level 9. HP: 46/49 MP: 15/18
  1454 | D        | Killed a two-headed ogre
  1454 | D        | Reached skill level 15 in Stealth
  1481 | D        | Reached **** piety under Dithmenos
  1489 | D        | Noticed Dowan
  1492 | D        | Noticed Duvessa
  1497 | D        | Killed Dowan
  1497 | D        | Reached skill level 15 in Short Blades
  1497 | D        | Reached skill level 16 in Stealth
  1497 | D        | Reached XP level 10. HP: 56/56 MP: 14/22
  1510 | D        | Killed Duvessa
  1653 | D        | Reached skill level 10 in Hexes
  1658 | D        | Noticed a soul eater
  1874 | D        | Noticed a yaktaur captain
  1874 | D        | Noticed a yaktaur captain
  1879 | D        | Killed a yaktaur captain
  1879 | D        | Reached ***** piety under Dithmenos
  1879 | D        | Reached skill level 10 in Spellcasting
  1881 | D        | Reached skill level 17 in Stealth
  2039 | D        | Killed a yaktaur captain
  2098 | D        | Noticed a spiny frog
  2098 | D        | Noticed a spiny frog
  2101 | D        | Killed a spiny frog
  2101 | D        | Reached skill level 10 in Fighting
  2101 | D        | Reached XP level 11. HP: 61/61 MP: 20/24
  2107 | D        | Reached ****** piety under Dithmenos
  2121 | D        | Noticed a lindwurm
  2124 | D        | Killed a lindwurm
  2124 | D        | Reached skill level 18 in Stealth
  2169 | D        | Noticed Urug
  2171 | D        | Killed Urug
  2174 | D        | Noticed a seven-headed hydra
  2174 | D        | Noticed a five-headed hydra
  2176 | D        | Killed a five-headed hydra
  2177 | D        | Killed a seven-headed hydra
  2184 | D        | Noticed a death drake
  2187 | D        | Killed a death drake
  2201 | D        | Noticed Polyphemus
  2221 | D        | Killed Polyphemus
  2221 | D        | Reached skill level 19 in Stealth
  2320 | D        | Noticed Ilsuiw
  2321 | D        | Found Ibronag's Antique Weapon Emporium.
  2321 | D        | Noticed a sea snake
  2323 | D        | Killed Ilsuiw
  2323 | D        | Reached XP level 12. HP: 64/69 MP: 22/27
  2335 | D        | Found Ihenac's Distillery.
  2335 | D        | Found Vooll's Jewellery Shoppe.
  2335 | D        | Noticed a merfolk javelineer
  2346 | D        | Killed a merfolk javelineer
  2362 | D        | Got a barnacled rune of Zot
  2426 | D        | Found a blossoming altar of Fedhas.
  2441 | D        | Reached skill level 1 in Conjurations
  2705 | D        | Reached skill level 20 in Stealth
  2717 | D        | Noticed Rupert
  2719 | D        | Killed Rupert
  2757 | D        | Noticed a death yak
  2759 | D        | Noticed a death yak
  2759 | D        | Noticed an azure jelly
  2759 | D        | Noticed a death yak
  2759 | D        | Noticed an azure jelly
  2759 | D        | Noticed a death yak
  2760 | D        | Killed a death yak
  2761 | D        | Killed a death yak
  2764 | D        | Killed a death yak
  2777 | D        | Killed a death yak
  2950 | D        | Noticed an anaconda
  2953 | D        | Killed an anaconda
  2954 | D        | Noticed an anaconda
  2966 | D        | Killed an anaconda
  2967 | D        | Reached skill level 15 in Hexes
  2970 | D        | Reached skill level 21 in Stealth
  2971 | D        | Noticed an anaconda
  2972 | D        | Reached XP level 13. HP: 75/75 MP: 29/29
  2987 | D        | Reached skill level 15 in Spellcasting
  2989 | D        | Reached skill level 5 in Dodging
  3037 | D        | Reached skill level 5 in Conjurations
  3466 | D        | Noticed a nagaraja
  3466 | D        | Found Uqug's Magic Scroll Boutique.
  3466 | D        | Found Leugg's Antique Armour Emporium.
  3466 | D        | Found Roiteh's Jewellery Shop.
  3495 | D        | Slain by a nagaraja

Skill      XL: |  1  2  3  4  5  6  7  8  9 10 11 12 13 |
---------------+----------------------------------------+-----
Fighting       | 1 2 3 4 6 7 8 9 10 11 12 | 12.3
Short Blades   | 3 5 6 8 11 12 14 15 17 19 20 | 20.8
Stealth        | 5 6 8 9 12 13 14 16 17 19 21 | 21.7
Spellcasting   | 4 7 9 11 13 14 15 | 15.5
Hexes          | 5 7 9 11 13 15 | 15.7
Conjurations   | 4 5 |  5.6
Dodging        | 7 |  7.1

Action                   |  1- 3 |  4- 6 |  7- 9 | 10-12 | 13-15 || total
-------------------------+-------+-------+-------+-------+-------++-------
Melee: Dagger            |    17 |    44 |    29 |    88 |    29 ||   207
       Kick              |       |    14 |     4 |    13 |     3 ||    34
 Cast: Ensorcelled Hiber |     4 |     1 |       |     7 |     7 ||    19
       Confuse           |       |     4 |    11 |    13 |     1 ||    29
       Dazzling Spray    |       |       |     3 |    21 |    13 ||    37
Invok: Shadow Step       |       |       |       |     8 |     2 ||    10
Evoke: Wand              |       |       |       |       |     1 ||     1
  Use: Potion            |       |     5 |       |       |     3 ||     8
 Stab: Sleeping          |     5 |       |     9 |    37 |     8 ||    59
       Confused          |       |     2 |     6 |    10 |       ||    18
       Invisible         |       |       |     2 |     8 |     4 ||    14
  Eat: Ration            |       |       |       |       |     1 ||     1
Armor: Robe              |       |     3 |       |     1 |       ||     4
Dodge: Dodged            |     9 |    16 |    18 |    23 |    36 ||   102
